 Dungeon Crawl Stone Soup version 0.30.1-11-g7821555f0a (webtiles) character file.

Game seed: 12289377055580705733

581 lonewolfV2 the Covered (level 7, -4/58 HPs)
             Began as a Formicid Fighter on Dec 6, 2023.
             Was an Initiate of Qazlal.
             Slain by an orc warrior
             ... wielding a +0 battleaxe
              (16 damage)
             ... on level 5 of the Dungeon.
             The game lasted 00:07:02 (5690 turns).

lonewolfV2 the Covered (Formicid Fighter)           Turns: 5690, Time: 00:07:02

Health: -4/58      AC:  8    Str: 20    XL:     7   Next: 63%
Magic:  9/9        EV:  8    Int:  8    God:    Qazlal [......]
Gold:   256        SH: 11    Dex: 15    Spells: 6/6 levels left

rFire   . . .        a - +1 war axe
rCold   . . .        p - +2 kite shield
rNeg    . . .        b - +0 scale mail
rPois   .            (helmet unavailable)
rElec   .            (no cloak)
rCorr   .            i - +0 pair of gloves
SInv    +            (no boots)
Will    .....        (no amulet) Stlth
                     (no ring)
HPRegen 0.29/turn    (no ring)
MPRegen 0.11/turn

%: no passive effects
@: no status effects
A: permanent stasis, dig shafts and tunnels, antennae 3, four strong arms
a: Dig, Shaft Self, Renounce Religion


You were on level 5 of the Dungeon.
You worshipped Qazlal.
Qazlal was noncommittal.
You visited 2 branches of the dungeon, and saw 6 of its levels.

You collected 256 gold pieces.

Inventory:

Hand Weapons
 a - a +1 war axe (weapon)
Armour
 b - a +0 scale mail (worn)
 c - a +0 buckler
 i - a +0 pair of gloves (worn)
 p - a +2 kite shield (worn)
Jewellery
 d - a +6 ring of strength
 l - an amulet of magic regeneration
 q - the ring "Byuwekk" {Fly rElec rN+}
   (You found it on level 4 of the Dungeon)

   [ring of flight]

   rElec:     It insulates you from electricity.
   rN:        It protects you from negative energy.
   Fly:       It grants you flight.
Wands
 s - a wand of mindburst (15)
Scrolls
 g - a scroll of enchant weapon
 h - 2 scrolls of teleportation
 o - 3 scrolls of fear
 r - a scroll of identify
 t - a scroll of amnesia {unknown}
 v - a scroll of enchant armour {unknown}
 w - a scroll of immolation {unknown}
Potions
 e - 2 potions of heal wounds
 f - 2 potions of cancellation
 j - a potion of brilliance {unknown}
 k - a potion of flight {unknown}
 m - 3 potions of attraction {unknown}
 n - a potion of lignification {unknown}
 u - a potion of mutation {unknown}


   Skills:
 - Level 6.0 Fighting
 + Level 3.1 Axes
 - Level 6.0 Armour
 - Level 4.0 Shields
 + Level 3.4 Invocations


You had 6 spell levels left.
You didn't know any spells.
Your spell library contained the following spells:

 Spells                   Type           Power      Damage    Failure   Level
 Sting                    Tmut/Pois      0%         1d3       95%         1
 Poisonous Vapours        Pois/Air       0%         N/A       99%         2
 Dazzling Flash           Conj/Hex       0%         N/A       100%        3
 Volatile Blastmotes      Fire/Tloc      0%         2d10      100%        3
 Iskenderun's Mystic Bla  Conj/Tloc      0%         2d3       100%        4
 Olgreb's Toxic Radiance  Pois           0%         N/A       100%        4
 Starburst                Conj/Fire      0%         6d3       100%        6


Dungeon Overview and Level Annotations

Branches:
Dungeon (5/15)             Temple (1/1) D:4

Altars:
Ashenzari
Cheibriados
Dithmenos
Fedhas
Qazlal
Sif Muna
Trog
Uskayaw
Zin

Shops:
D:5 (

Portals:
Abyss: D:3

Annotations:
D:3 2 transporters, ritesign's ghost, novice KoMo


Innate Abilities, Weirdness & Mutations

You cannot be hasted, slowed, berserked, paralysed or teleported.
You can dig through walls and to a lower floor.
You have a pair of large antennae on your head. (SInv)
Your four strong arms can wield two-handed weapons with a shield.


Message History

You closely miss the orc warrior.
The orc warrior is moderately wounded.
You closely miss the orc wizard.
The orc warrior hits you with a +0 battleaxe!!
You block the orc wizard's attack. You block the orc warrior's attack.
The orc wizard gestures at you while chanting.
The puff of flame hits you.
You closely miss the orc warrior.
The orc warrior is moderately wounded.
You closely miss the orc wizard. You block the orc warrior's attack.
The orc wizard closely misses you.
You hit the orc warrior.
The orc warrior is heavily wounded.
You hit the orc wizard.
The orc warrior hits you but does no damage.
You block the orc wizard's attack. The orc warrior barely misses you.
The orc wizard mumbles some strange words.
The orc wizard flickers and vanishes for a moment.
You feel much better.
The orc warrior hits you with a +0 battleaxe!
You block the orc wizard's attack.
You hit the orc warrior.
The orc warrior is severely wounded.
You hit the orc wizard but do no damage.
The orc warrior hits you with a +0 battleaxe!
You block the orc wizard's attack.
You closely miss the orc warrior.
The orc warrior is severely wounded.
You hit the orc wizard. The orc warrior barely misses you.
You block the orc wizard's attack. You block the orc warrior's attack.
The orc wizard hits you with a +3 dagger of venom.
You slash the orc warrior!
The orc warrior is almost dead.
You hit the orc wizard but do no damage.
The orc warrior hits you with a +0 battleaxe!
* * * LOW HITPOINT WARNING * * *
The orc wizard barely misses you.
The orc warrior attacks as you move away!
The orc warrior hits you with a +0 battleaxe!
You die...

..# #.......#
#.###.#####.#
####.#...#####.###
#................. #
#.##.#..<#####.###
#.##[##.###.#####.##
#.......#
#........##
####.####
#######.#.. #@#
##.## #oo# #### #.#
##.# ..... ##.## .#
.....##⌠.⌠# .#
........∩.. .#
.....>.⌠.⌠. #.
......#.... #
#####....## ##.#..#


You could see an orc warrior and an orc wizard (invisible).

Vanquished Creatures
  Eustachio (D:5)
  A scorpion (D:5)
  Crazy Yiuf (D:3)
  An orc priest (D:4)
  2 hounds (D:4)
  Jessica (D:2)
  An iguana (D:5)
  Natasha (twice) (D:2)
  5 adders
  A white imp (D:5)
  6 dart slugs
  10 orcs
  7 bats
  6 endoplasms
  5 giant cockroaches
  3 goblins
  5 hobgoblins
  5 jackals
  9 kobolds
  6 quokkas
  8 ball pythons
  8 frilled lizards
  5 rats
99 creatures vanquished.

Notes
Turn   | Place    | Note
-------+----------+-------------------------------------------
     0 | D:1      | lonewolfV2 the Formicid Fighter began the quest for the
                  | Orb.
     0 | D:1      | Reached XP level 1. HP: 18/18 MP: 1/1
    74 | D:1      | Reached XP level 2. HP: 19/24 MP: 2/2
   309 | D:1      | Reached XP level 3. HP: 30/30 MP: 3/3
  1014 | D:2      | Noticed Jessica
  1022 | D:2      | Killed Jessica
  1023 | D:2      | Reached XP level 4. HP: 38/38 MP: 4/4
  1113 | D:2      | Noticed Natasha
  1122 | D:2      | Killed Natasha
  1123 | D:2      | Reached XP level 5. HP: 38/43 MP: 5/5
  1140 | D:2      | Found a hide-covered altar of Uskayaw.
  1154 | D:2      | Noticed Natasha
  1164 | D:2      | Killed Natasha
  1438 | D:2      | Reached skill level 5 in Armour
  1724 | D:3      | Reached skill level 5 in Fighting
  1913 | D:3      | Noticed a small abomination
  1919 | D:3      | Noticed a kobold brigand
  1926 | D:3      | Noticed a small abomination
  1927 | D:3      | Noticed ritesign's ghost (novice KoMo)
  1957 | D:3      | Found a transporter.
  1959 | D:3      | Found a one-way gate to the infinite horrors of the Abyss.
  2219 | D:3      | Found a runed translucent door.
  2220 | D:3      | Noticed Crazy Yiuf
  2221 | D:3      | Identified the +10 hammer of Fimbulwinter {drain, *Slow rC-
                  | Str+4 Dex+8}
  2518 | D:3      | Found a transporter.
  2617 | D:3      | Killed Crazy Yiuf
  2618 | D:3      | Reached XP level 6. HP: 35/51 MP: 6/6
  2852 | D:4      | Found a staircase to the Ecumenical Temple.
  2865 | Temple   | Entered the Ecumenical Temple
  2878 | Temple   | Became a worshipper of Qazlal Stormbringer
  4211 | D:4      | Identified the ring "Byuwekk" {Fly rElec rN+}
  4528 | D:5      | Entered Level 5 of the Dungeon
  4647 | D:5      | Reached XP level 7. HP: 47/58 MP: 7/7
  4707 | D:5      | Reached skill level 1 in Invocations
  4871 | D:5      | Noticed Eustachio
  4923 | D:5      | Killed Eustachio
  5462 | D:5      | Found Ynaaj's Weapon Boutique.
  5690 | D:5      | Slain by an orc warrior

Illustrated notes

Levels and vault maps discovered:
D:1:      dpeg_arrival_windows_large_door, layout_basic
D:2:      layout_basic, basic_altar, uniq_jessica, uniq_natasha
D:3:      layout_loops_ring, gammafunk_ghost_abyssal_escape,
          uniq_crazy_yiuf_cottage
D:4:      layout_layer_cave, temple_green
D:5:      layout_loops_cross, serial_shops, shop_fountains, uniq_eustachio
Temple:   hellmonk_temple_of_storms

Skill      XL: |  1  2  3  4  5  6  7 |
---------------+----------------------+-----
Fighting       | 4 5 6 |  6.0
Armour         | 4 5 6 |  6.0
Invocations    | 3 |  3.4
Axes           | 3 |  3.1
Shields        | |  4.0

Action                     |  1- 3 |  4- 6 |  7- 9 || total
---------------------------+-------+-------+-------++-------
  Melee: War axe           |    76 |   171 |    55 ||   302
  Evoke: Wand              |       |       |     2 ||     2
    Use: Scroll            |     4 |     4 |       ||     8
         Potion            |       |     2 |     1 ||     3
 Armour: Scale mail        |    54 |    94 |    19 ||   167
  Dodge: Dodged            |    36 |    90 |    17 ||   143
  Block: Buckler           |    32 |    29 |       ||    61
         Kite shield       |       |    67 |    37 ||   104
